BSA
CHICAGO MACHINE @ NEVADA NOISE
07/22/2030
 
TOP OF THE 1ST
Chicago Machine batting - Pitching for Nevada Noise : RHP José López
Pitching: RHP José López
Batting: RHB Pablo Sandoval 0-0: Called Strike
0-1: Ball
1-1: Ground out U3 (Groundball, 34)
Batting: LHB Bernardo Montés 0-0: Ball
1-0: Called Strike
1-1: Ball
2-1: Fly out, F4 (Popup, 34D)
Batting: RHB Doug Stephens 0-0: Ball
1-0: Ball
2-0: Foul Ball, location: 2F
2-1: Ground out 6-3 (Groundball, 6S)
Top of the 1st over - 0 runs, 0 hits, 0 errors, 0 left on base; Chicago 0 - Nevada 0
BOTTOM OF THE 1ST
Nevada Noise batting - Pitching for Chicago Machine : RHP Rod Day
Pitching: RHP Rod Day
Batting: RHB Fernando Gálvez 0-0: Ball
1-0: Fly out, F5 (Line Drive, 5)
Batting: RHB Bill Mark 0-0: Ball
1-0: Ball
2-0: SINGLE (Flyball, 78S)
Batting: LHB Greg Nelson 0-0: Foul Ball, location: 2F
0-1: Foul Ball, location: 2F
0-2: Foul Ball, location: 2F
0-2: Ball
1-2: Ball
2-2: Ball
3-2: Fly out, F4 (Flyball, 3D)
Batting: RHB Luis Cruz 0-0: Ball
Pickoff Throw to First - Out!
Bottom of the 1st over - 0 runs, 1 hit, 0 errors, 0 left on base; Chicago 0 - Nevada 0
TOP OF THE 2ND
Chicago Machine batting - Pitching for Nevada Noise : RHP José López
Batting: LHB Edward Bennett 0-0: SOLO HOME RUN (Flyball, 9D), Distance : 389 ft
Batting: SHB Clint Woods 0-0: Ball
1-0: Fly out, F8 (Flyball, 8LXD)
Batting: RHB Will Lott 0-0: Fly out, F7 (Flyball, 7S)
Batting: LHB Burt Ward 0-0: Ball
1-0: Foul Ball, location: 2F
1-1: Ball
2-1: Ball
3-1: Base on Balls
Batting: RHB Gonzalo Gil 0-0: Ball
1-0: Ball
2-0: Called Strike
2-1: Fielders Choice at 2nd, 6-4 (Groundball, 6)
Top of the 2nd over - 1 run, 1 hit, 0 errors, 1 left on base; Chicago 1 - Nevada 0
BOTTOM OF THE 2ND
Nevada Noise batting - Pitching for Chicago Machine : RHP Rod Day
Batting: RHB Luis Cruz 0-0: Ball
1-0: Fly out, F9 (Flyball, 9LS)
Batting: LHB Dave Reynolds 0-0: Ball
1-0: SINGLE (Groundball, 34D)
Batting: RHB Iván Gonzáles 0-0: Called Strike
Dave Reynolds is caught stealing 2nd base
0-1: Ball
1-1: Foul Ball, location: 2F
1-2: DOUBLE (Line Drive, 7LD)
Batting: LHB Milton Watson 0-0: Ball
1-0: SINGLE (Groundball, 5D)
Iván Gonzáles to third
Runner from 3rd tries for Home, SAFE, no throw
Batting: SHB Nate Rhodes 0-0: Ball
1-0: Ball
2-0: Fly out, F3 (Line Drive, 4)
Bottom of the 2nd over - 1 run, 3 hits, 0 errors, 1 left on base; Chicago 1 - Nevada 1
TOP OF THE 3RD
Chicago Machine batting - Pitching for Nevada Noise : RHP José López
Batting: LHB Wally Harris 0-0: Called Strike
0-1: Foul Ball, location: 2F
0-2: Ball
1-2: Ball
2-2: Strikes out looking
Batting: RHB Pablo Sandoval 0-0: Called Strike
0-1: Called Strike
0-2: Ball
1-2: Foul Ball, location: 2F
1-2: Ball
2-2: Foul Ball, location: 2F
2-2: Ball
3-2: Foul Ball, location: 2F
3-2: Ground out 6-3 (Groundball, 6)
Batting: LHB Bernardo Montés 0-0: Foul Ball, location: 2F
0-1: Ball
1-1: Foul Ball, location: 2F
1-2: Ball
2-2: Ball
3-2: Foul Ball, location: 2F
3-2: Strikes out swinging
Top of the 3rd over - 0 runs, 0 hits, 0 errors, 0 left on base; Chicago 1 - Nevada 1
BOTTOM OF THE 3RD
Nevada Noise batting - Pitching for Chicago Machine : RHP Rod Day
Batting: RHB Doug Brown 0-0: Swinging Strike
0-1: SOLO HOME RUN (Flyball, 7D), Distance : 412 ft
Batting: RHB Fernando Gálvez 0-0: Ball
1-0: Called Strike
1-1: Ground out 5-3 (Groundball, 5L)
Batting: RHB Bill Mark 0-0: Ball
1-0: Ground out 6-3 (Groundball, 6)
Batting: LHB Greg Nelson 0-0: Ball
1-0: Ball
2-0: SOLO HOME RUN (Flyball, 9LD), Distance : 366 ft
Batting: RHB Luis Cruz 0-0: Called Strike
0-1: Ball
1-1: Ball
2-1: Called Strike
2-2: Ball
3-2: Strikes out swinging
Bottom of the 3rd over - 2 runs, 2 hits, 0 errors, 0 left on base; Chicago 1 - Nevada 3
TOP OF THE 4TH
Chicago Machine batting - Pitching for Nevada Noise : RHP José López
Batting: RHB Doug Stephens 0-0: Swinging Strike
0-1: Ball
1-1: Swinging Strike
1-2: Ball
2-2: Strikes out swinging
Batting: LHB Edward Bennett 0-0: Ball
1-0: Swinging Strike
1-1: Ball
2-1: Foul Ball, location: 2F
2-2: Ball
3-2: Foul Ball, location: 2F
3-2: Strikes out looking
Batting: SHB Clint Woods 0-0: Ball
1-0: SINGLE (Groundball, 34D)
Batting: RHB Will Lott 0-0: Ball
1-0: Called Strike
1-1: Called Strike
1-2: Fielders Choice at 2nd, 6-4 (Groundball, 6)
Top of the 4th over - 0 runs, 1 hit, 0 errors, 1 left on base; Chicago 1 - Nevada 3
BOTTOM OF THE 4TH
Nevada Noise batting - Pitching for Chicago Machine : RHP Rod Day
Batting: LHB Dave Reynolds 0-0: Ball
1-0: Called Strike
1-1: Ball
2-1: Ball
3-1: Base on Balls
Batting: RHB Iván Gonzáles 0-0: Ball
1-0: Grounds into double play, 2-4-3 (Groundball, 2L)
Batting: LHB Milton Watson 0-0: Called Strike
0-1: Foul Ball, location: 2F
0-2: Strikes out looking
Bottom of the 4th over - 0 runs, 0 hits, 0 errors, 0 left on base; Chicago 1 - Nevada 3
TOP OF THE 5TH
Chicago Machine batting - Pitching for Nevada Noise : RHP José López
Batting: LHB Burt Ward 0-0: Ball
1-0: Foul Ball, location: 2F
1-1: Ball
2-1: Fly out, F6 (Line Drive, 6M)
Batting: RHB Gonzalo Gil 0-0: Foul Ball, location: 2F
0-1: Swinging Strike
0-2: Ground out 6-3 (Groundball, 6S)
Batting: LHB Wally Harris 0-0: Ball
1-0: Ball
2-0: Ball
3-0: Called Strike
3-1: Base on Balls
Batting: RHB Pablo Sandoval 0-0: Ball
1-0: Ball
2-0: Foul Ball, location: 2F
2-1: Called Strike
Wally Harris steals 2nd base
2-2: Fly out, F9 (Flyball, 89D)
Top of the 5th over - 0 runs, 0 hits, 0 errors, 1 left on base; Chicago 1 - Nevada 3
BOTTOM OF THE 5TH
Nevada Noise batting - Pitching for Chicago Machine : RHP Rod Day
Batting: SHB Nate Rhodes 0-0: Called Strike
0-1: Ball
1-1: Foul Ball, location: 2F
1-2: Ball
2-2: Ball
3-2: DOUBLE (Line Drive, 9LM)
Batting: RHB Doug Brown 0-0: Ball
1-0: Ball
2-0: Called Strike
2-1: Fly out, F8 (Flyball, 8LXD)
Runner from 2nd tags up, SAFE at 3rd, no throw
Batting: RHB Fernando Gálvez 0-0: Intentional Walk
Batting: RHB Bill Mark 0-0: Called Strike
0-1: Ball
1-1: Swinging Strike
1-2: Ball
2-2: Foul Ball, location: 2F
2-2: Ball
3-2: Foul Ball, location: 2F
3-2: SINGLE (Flyball, 8LS)
Nate Rhodes scores
Fernando Gálvez to second
Fernando Gálvez to third
Batting: LHB Greg Nelson 0-0: Foul Ball, location: 2F
0-1: Called Strike
0-2: Ball
1-2: SINGLE (Line Drive, 5D)
Fernando Gálvez scores
Bill Mark to second
Pitching: RHP Steve Snyder
Batting: RHB Luis Cruz 0-0: DOUBLE (Line Drive, 8RD)
Bill Mark scores
Greg Nelson to third
Runner from 3rd tries for Home, SAFE, no throw
Batting: LHB Dave Reynolds 0-0: Ball
1-0: Ball
2-0: Fly out, F7 (Line Drive, 7)
Batting: RHB Iván Gonzáles 0-0: Swinging Strike
0-1: Swinging Strike
0-2: Strikes out swinging
Bottom of the 5th over - 4 runs, 4 hits, 0 errors, 1 left on base; Chicago 1 - Nevada 7
TOP OF THE 6TH
Chicago Machine batting - Pitching for Nevada Noise : RHP José López
Batting: LHB Bernardo Montés 0-0: Called Strike
0-1: Swinging Strike
0-2: DOUBLE (Line Drive, 89D)
Batting: RHB Doug Stephens 0-0: Ground out 4-3 (Groundball, 4S)
Bernardo Montés to third
Batting: LHB Edward Bennett 0-0: Called Strike
0-1: Ball
1-1: Foul Ball, location: 2F
1-2: Ball
2-2: Ball
3-2: Strikes out looking
Batting: SHB Clint Woods 0-0: Ball
1-0: Foul Ball, location: 2F
1-1: Ball
2-1: SINGLE (Line Drive, 8RS)
Bernardo Montés scores
Pitching: RHP Elton Johnston
Batting: RHB Will Lott 0-0: Foul Ball, location: 2F
0-1: Ball
1-1: Called Strike
1-2: Fielders Choice at 2nd, U6 (Groundball, 6M)
Top of the 6th over - 1 run, 2 hits, 0 errors, 1 left on base; Chicago 2 - Nevada 7
BOTTOM OF THE 6TH
Nevada Noise batting - Pitching for Chicago Machine : RHP Steve Snyder
Batting: LHB Milton Watson 0-0: Ball
1-0: Swinging Strike
1-1: SOLO HOME RUN (Flyball, 9LD), Distance : 374 ft
Batting: SHB Nate Rhodes 0-0: Called Strike
0-1: Ball
1-1: Swinging Strike
1-2: Foul Ball, location: 2F
1-2: Ball
2-2: Ball
3-2: Strikes out swinging
Batting: RHB Doug Brown 0-0: Fly out, F8 (Flyball, 89M)
Batting: RHB Fernando Gálvez 0-0: Called Strike
0-1: Ground out 1-3 (Groundball, 15)
Bottom of the 6th over - 1 run, 1 hit, 0 errors, 0 left on base; Chicago 2 - Nevada 8
TOP OF THE 7TH
Chicago Machine batting - Pitching for Nevada Noise : RHP Elton Johnston
Batting: LHB Burt Ward 0-0: Ground out 6-3 (Groundball, 6)
Batting: RHB Gonzalo Gil 0-0: Ball
1-0: Ball
2-0: Called Strike
2-1: Foul Ball, location: 2F
2-2: Strikes out looking
Batting: LHB Wally Harris 0-0: Ball
1-0: Ball
2-0: Foul Ball, location: 2F
2-1: DOUBLE (Line Drive, 7LM)
Batting: RHB Pablo Sandoval 0-0: Foul Ball, location: 2F
0-1: Ball
1-1: Ball
2-1: Called Strike
2-2: Foul Ball, location: 2F
2-2: Ball
3-2: Ground out 5-3 (Groundball, 5S)
Top of the 7th over - 0 runs, 1 hit, 0 errors, 1 left on base; Chicago 2 - Nevada 8
BOTTOM OF THE 7TH
Nevada Noise batting - Pitching for Chicago Machine : RHP Steve Snyder
Batting: RHB Bill Mark 0-0: Called Strike
0-1: Ball
1-1: SINGLE (Line Drive, 6MD)
Batting: LHB Greg Nelson 0-0: Called Strike
0-1: Ball
1-1: Ball
2-1: Foul Ball, location: 2F
2-2: Ground out U3 (Groundball, 3S)
Bill Mark to second
Batting: RHB Luis Cruz 0-0: Ball
1-0: Swinging Strike
1-1: Swinging Strike
1-2: Ball
2-2: Ball
3-2: Ground out 6-3 (Groundball, 56)
Batting: LHB Dave Reynolds 0-0: Called Strike
0-1: Ball
1-1: Called Strike
1-2: Ball
2-2: 2-RUN HOME RUN (Flyball, 9LD), Distance : 382 ft
Batting: RHB Iván Gonzáles 0-0: Called Strike
0-1: Ball
1-1: Reached via error on a dropped throw, E1
Batting: LHB Milton Watson 0-0: Called Strike
0-1: Fly out, F7 (Flyball, 7)
Bottom of the 7th over - 2 runs, 2 hits, 1 error, 1 left on base; Chicago 2 - Nevada 10
TOP OF THE 8TH
Chicago Machine batting - Pitching for Nevada Noise : RHP Elton Johnston
Batting: LHB Bernardo Montés 0-0: Ball
1-0: Ball
2-0: Swinging Strike
2-1: Fly out, F7 (Flyball, 7)
Batting: RHB Doug Stephens 0-0: Ball
1-0: Foul Ball, location: 2F
1-1: Fly out, F6 (Line Drive, 6)
Batting: LHB Edward Bennett 0-0: Ball
1-0: Called Strike
1-1: Ground out U3 (Groundball, 3L)
Top of the 8th over - 0 runs, 0 hits, 0 errors, 0 left on base; Chicago 2 - Nevada 10
BOTTOM OF THE 8TH
Nevada Noise batting - Pitching for Chicago Machine : RHP Steve Snyder
Batting: SHB Nate Rhodes 0-0: Ball
1-0: TRIPLE (Line Drive, 89XD)
Batting: RHB Doug Brown 0-0: SINGLE (Groundball, 56D)
Nate Rhodes scores
Batting: RHB Fernando Gálvez 0-0: Called Strike
0-1: DOUBLE (Line Drive, 7LM)
Doug Brown to third
Batting: RHB Bill Mark 0-0: Ball
1-0: Called Strike
1-1: Swinging Strike
1-2: DOUBLE (Line Drive, 7LM)
Doug Brown scores
Fernando Gálvez scores
Batting: LHB Greg Nelson 0-0: Ball
1-0: Foul Ball, location: 2F
1-1: Ground out 6-3 (Groundball, 6D)
Pitching: RHP Horace Jacobs
Batting: RHB Luis Cruz 0-0: Foul Ball, location: 2F
0-1: Called Strike
0-2: Ground out 6-3 (Groundball, 6S)
Bill Mark to third
Pinch Hitting: RHB Jim Tracy 0-0: Ball
1-0: Called Strike
1-1: Foul Ball, location: 2F
1-2: Ball
2-2: Foul Ball, location: 2F
2-2: Foul Ball, location: 2F
2-2: Ball
3-2: Foul Ball, location: 2F
3-2: Foul Ball, location: 2F
3-2: Base on Balls
Batting: RHB Iván Gonzáles 0-0: Foul Ball, location: 2F
0-1: Ball
1-1: Ball
2-1: Ball
3-1: Base on Balls
Jim Tracy to second
Batting: LHB Milton Watson 0-0: Called Strike
0-1: Foul Ball, location: 2F
0-2: Foul Ball, location: 2F
0-2: Ball
1-2: Foul Ball, location: 2F
1-2: Ball
2-2: SINGLE (Groundball, 34) (infield hit)
Bill Mark scores
Jim Tracy to third
Iván Gonzáles to second
Batting: SHB Nate Rhodes 0-0: Called Strike
0-1: Ball
1-1: Ball
2-1: SINGLE (Groundball, 3D)
Jim Tracy scores
Iván Gonzáles to third
Milton Watson to second
Runner from 3rd tries for Home, SAFE, no throw
Batting: RHB Doug Brown 0-0: Foul Ball, location: 2F
0-1: Foul Ball, location: 2F
0-2: Ball
1-2: Ground out U3 (Groundball, 34S)
Bottom of the 8th over - 6 runs, 6 hits, 0 errors, 2 left on base; Chicago 2 - Nevada 16
TOP OF THE 9TH
Chicago Machine batting - Pitching for Nevada Noise : RHP Elton Johnston
Now in LF: Jim Tracy
Batting: SHB Clint Woods 0-0: Ball
1-0: Foul Ball, location: 2F
1-1: Swinging Strike
1-2: Ball
2-2: Foul Ball, location: 2F
2-2: Foul Ball, location: 2F
2-2: Ball
3-2: Strikes out looking
Batting: RHB Will Lott 0-0: Ball
1-0: Ball
2-0: Ball
3-0: Foul Ball, location: 2F
3-1: Called Strike
3-2: Base on Balls
Batting: LHB Burt Ward 0-0: Ball
1-0: Ball
2-0: Ball
3-0: Called Strike
3-1: Called Strike
3-2: Grounds into double play, 4-6-3 (Groundball, 4)
Top of the 9th over - 0 runs, 0 hits, 0 errors, 0 left on base; Chicago 2 - Nevada 16
Saturday, April 7th, 2018 - OOTP Baseball 18.8 Build 76